AoeStats
← hoangtan922

Arabia

506171587Analyzed
2v2 RM · 21d ago on Sep 12, 2026· 84m 25s· 4 players
Game mode
Random Map
Map size
Medium (4 player)
Population
200
Speed
Normal
Resources
Standard
Victory
Conquest
Starting age
Dark Age
Ending age
Imperial Age
RankedLock teamsTeams togetherTeam positionsShared explorationLock speedFull tech treeHidden civsTurbo modeCheats
Victory
Defeat
🇧🇪 Chinese · Belgium
978
+13
🇬🇧 Britons · United Kingdom
920
+16
🇦🇷 Magyars · Argentina
968
-17
🇪🇬 Byzantines · Egypt
862
-12
CristianDior
13:28 Feudal Age
14:44 Wheelbarrow
13:55 Town Watch
13:53 Horse Collar
14:00 Double-Bit Axe
14:08 Gold Mining
14:09 Stone Mining
20:01 Castle Age
21:19 Hand Cart
21:08 Heavy Plow
21:34 Bow Saw
22:41 Gold Shaft Mining
26:18 Padded Archer Armor
26:09 Fletching
33:47 Imperial Age
39:45 Pikeman
43:07 Elite Longbowman
46:40 Chemistry
46:02 Ballistics
45:40 Bodkin Arrow
47:44 Leather Archer Armor
51:47 Town Patrol
65:24 Ring Archer Armor
72:11 Bracer
74:36 Herbal Medicine
75:02 Caravan
nasrek
0:45 Loom
10:00 Feudal Age
10:46 Double-Bit Axe
16:00 Fletching
22:12 Castle Age
22:22 Castle Age
20:55 Scale Mail Armor
23:12 Wheelbarrow
23:43 Bow Saw
27:07 Hand Cart
30:30 Pikeman
32:12 Horse Collar
33:26 Ballistics
32:28 Crossbowman
32:37 Elite Skirmisher
33:20 Bodkin Arrow
33:25 Padded Archer Armor
36:45 Leather Archer Armor
36:38 Scale Barding Armor
36:56 Forging
38:48 Heavy Plow
38:40 Gold Mining
41:25 Imperial Age
40:51 Murder Holes
41:08 Masonry
41:34 Squires
41:44 Thumb Ring
41:27 Light Cavalry
42:18 Bloodlines
42:08 Husbandry
42:50 Bracer
43:23 Ring Archer Armor
43:16 Conscription
42:55 Elite Chu Ko Nu
44:06 Halberdier
50:22 Two-Man Saw
50:26 Chemistry
49:57 Architecture
51:09 Capped Ram
53:23 Chain Barding Armor
53:43 Iron Casting
53:23 Chain Mail Armor
53:02 Guard Tower
52:58 Arrowslits
56:46 Plate Barding Armor
57:11 Blast Furnace
60:50 Plate Mail Armor
60:03 Siege Ram
60:20 Cavalier
61:57 Elite Fire Lancer
64:57 Town Watch
79:35 Caravan
80:18 Town Patrol
Hazem
0:26 Loom
11:26 Feudal Age
12:25 Double-Bit Axe
19:02 Castle Age
17:43 Horse Collar
18:00 Gold Mining
19:32 Wheelbarrow
22:21 Elite Skirmisher
24:37 Hand Cart
26:22 Fletching
29:04 Scale Barding Armor
29:10 Forging
29:29 Husbandry
34:46 Imperial Age
32:36 Bodkin Arrow
32:49 Crossbowman
33:37 Thumb Ring
34:11 Gold Shaft Mining
33:39 Heavy Plow
38:32 Crop Rotation
38:14 Padded Archer Armor
38:14 Bracer
40:32 Chemistry
40:37 Ballistics
40:37 Leather Archer Armor
41:22 Cavalier
43:45 Ring Archer Armor
43:14 Stone Mining
44:20 Bow Saw
47:24 Stone Shaft Mining
47:11 Light Cavalry
48:12 Hussar
50:57 Chain Barding Armor
51:12 Iron Casting
59:57 Paladin
64:40 Conscription
68:56 Logistica
76:30 Iron Casting
76:30 Plate Barding Armor
79:27 Pikeman
80:08 Squires
hoangtan922
7:49 Loom
10:39 Feudal Age
11:11 Horse Collar
11:18 Double-Bit Axe
21:32 Castle Age
19:31 Gold Mining
20:56 Bloodlines
22:26 Husbandry
25:19 Wheelbarrow
24:29 Town Watch
25:23 Heavy Plow
25:31 Fletching
26:26 Padded Archer Armor
28:38 Bow Saw
28:27 Bodkin Arrow
29:14 Scale Barding Armor
30:22 Chain Barding Armor
29:41 Light Cavalry
34:50 Ballistics
38:19 Imperial Age
36:05 Hand Cart
35:50 Town Patrol
36:08 Leather Archer Armor
39:01 Heavy Cavalry Archer
40:06 Parthian Tactics
40:14 Ring Archer Armor
39:50 Bracer
41:21 Chemistry
43:47 Conscription
43:30 Recurve Bow
44:36 Elite Skirmisher
49:53 Hussar
59:55 Two-Man Saw
59:26 Crop Rotation
58:48 Stone Mining
59:33 Gold Shaft Mining
59:31 Ring Archer Armor
59:37 Plate Barding Armor
Connection lost

Rejoining the realm…

Still unreachable

The connection could not be restored.

Session expired

The server has moved on; the page needs a fresh start.